 Dungeon Crawl Stone Soup version 0.26-a0-547-g695e311 (webtiles) character file.

Game seed: 12751592874217777962

79 B1Gdaddy5 the Vandal (level 4, -2/30 HPs)
             Began as a Halfling Hunter on Aug 19, 2020.
             Was an Initiate of Elyvilon.
             Slain by Crazy Yiuf
             ... wielding a +2 quarterstaff of chaos
              (12 damage)
             ... on level 2 of the Dungeon.
             The game lasted 00:18:48 (1479 turns).

B1Gdaddy5 the Vandal (Halfling Hunter)              Turns: 1479, Time: 00:18:49

Health: -2/30      AC:  3    Str: 13    XL:     4   Next: 64%
Magic:  4/4        EV: 15    Int:  9    God:    Elyvilon [......]
Gold:   112        SH:  0    Dex: 15    Spells: 3/3 levels left

rFire    . . .     SeeInvis .   a - +1 hunting sling
rCold    . . .     Faith    .   (shield restricted)
rNeg     . . .     Spirit   .   p - +0 leather armour
rPois    .         Reflect  .   (no helmet)
rElec    .         Harm     .   (no cloak)
rCorr    .                      (no gloves)
MR       .....                  (no boots)
Stlth    ++........             (no amulet)
HPRegen  0.10/turn              (no ring)
MPRegen  0.09/turn              (no ring)

@: mighty, slowed, very slow
A: small, mutation resistance 1
a: Renounce Religion


You were on level 2 of the Dungeon.
You worshipped Elyvilon.
Elyvilon was noncommittal.
You visited 1 branch of the dungeon, and saw 2 of its levels.

You collected 112 gold pieces.

Inventory:

Hand Weapons
 a - a +1 hunting sling (weapon)
 b - a +0 short sword
 h - a +1 dagger of draining
Missiles
 d - 26 sling bullets (quivered)
 e - 28 stones
Armour
 c - a +0 leather armour
 p - a +0 leather armour (worn)
Scrolls
 m - a scroll of teleportation {unknown}
Potions
 f - a potion of degeneration {unknown}
 g - a potion of curing {unknown}
 j - a potion of might


   Skills:
 + Level 2.4 Fighting
 + Level 6.9 Slings
 + Level 2.9 Dodging
 + Level 2.3 Stealth


You had 3 spell levels left.
You didn't know any spells.
Your spell library was empty.

Dungeon Overview and Level Annotations

Branches:
Dungeon (2/15)

Altars:
Elyvilon

Annotations:
D:2 Crazy Yiuf


Innate Abilities, Weirdness & Mutations

You are small and have problems with some larger weapons.
You are somewhat resistant to further mutation.


Message History

Firing (i - inventory. (/) - cycle)
d - 27 sling bullets (quivered)
Press: ? - help, Shift-Dir - straight line, f/p - Crazy Yiuf
Aim: Crazy Yiuf, wielding a +2 quarterstaff of chaos, wearing a +0 cloak and carrying a wand of flame (22) (moderately wounded)
You shoot a sling bullet.
The sling bullet hits Crazy Yiuf but does no damage.
Crazy Yiuf is moderately wounded.
Crazy Yiuf hits you with a +2 quarterstaff of chaos!
* * * LOW HITPOINT WARNING * * *
Crazy Yiuf burns you.
* * * LOW HITPOINT WARNING * * *
You feel much better.
Crazy Yiuf zaps a wand.
The puff of flame misses you.
As you read the scroll labeled VUOCKU QUGYE, it crumbles to dust.
You feel blessed for a moment.
It was a scroll of remove curse.
Crazy Yiuf closely misses you.
As you read the scroll labeled UFYNUA KARATZ, it crumbles to dust.
You hear a loud clanging noise!
It was a scroll of noise.
Crazy Yiuf hits you with a +2 quarterstaff of chaos!
You are electrocuted!
You die...

# #.##.# #.# #.#
#.# #.......# #
##'##.###'###.#
#.# #.####### #
#.............#
#.# #.#
#......########
### #.# #......#
#.# #......# #.##
#......# ###
♣♣##..# #......#
#)..#♣♣ ♣♣..#..#
#......#
#...g@♣♣♣♣.))...#
#......#
#...#♣..♣......##
#......# ###
♣♣♣.♣...###
######## ♣♣♣♣♣##


You could see Crazy Yiuf.

Vanquished Creatures
  A howler monkey zombie (D:2)
  2 adders (D:2)
  An ooze (D:2)
  A worm (D:2)
  4 dart slugs
  A leopard gecko (D:1)
  4 bats (D:1)
  2 giant cockroaches (D:1)
  A goblin (D:1)
  5 hobgoblins (D:1)
  2 jackals (D:2)
  A ball python (D:1)
  3 frilled lizards
  3 kobolds (D:1)
  A leopard gecko zombie (D:2)
  5 rats (D:1)
37 creatures vanquished.

Notes
Turn   | Place    | Note
-------+----------+-------------------------------------------
     0 | D:1      | B1Gdaddy5 the Halfling Hunter began the quest for the Orb.
     0 | D:1      | Reached XP level 1. HP: 14/14 MP: 1/1
    43 | D:1      | Reached skill level 6 in Slings
    44 | D:1      | Reached XP level 2. HP: 18/19 MP: 2/2
   310 | D:1      | Reached XP level 3. HP: 24/24 MP: 3/3
   928 | D:2      | Reached XP level 4. HP: 29/29 MP: 4/4
  1397 | D:2      | Found a white marble altar of Elyvilon.
  1405 | D:2      | Became a worshipper of Elyvilon the Healer
  1466 | D:2      | Found a runed translucent door.
  1467 | D:2      | Noticed Crazy Yiuf
  1476 | D:2      | HP: 1/30 [Crazy Yiuf/+2 quarterstaff of chaos (3)]
  1479 | D:2      | Slain by Crazy Yiuf

Illustrated notes

Levels and vault maps discovered:
D:1:      matt_arrival_spirals, layout_basic
D:2:      layout_basic, lemuel_coloured_pillars_altar, grunt_ministairs_14,
          uniq_crazy_yiuf_cottage, uniq_robin, uniq_natasha

Skill      XL: |  1  2  3 |
---------------+----------+-----
Slings         | 6 |  6.9
Fighting       | 2 |  2.4
Stealth        | 2 |  2.3
Dodging        | |  2.9

Action                   |  1- 3 |  4- 6 || total
-------------------------+-------+-------++-------
 Fire: Hunting sling     |    73 |    32 ||   105
  Use: Scroll            |       |     4 ||     4
       Potion            |       |     3 ||     3
Armor: Leather armour    |     1 |     1 ||     2
Dodge: Dodged            |    13 |    11 ||    24

Table legend: (Time is in decaauts)
 A = Elapsed time spent in this place.
 B = Non-inter-level travel time spent in this place.
 C = Inter-level travel time spent in this place.
 D = Time resting spent in this place.
 E = Time spent auto-exploring this place.
 F = Levels seen in this place.
 G = Mean time per level.
                   A        B        C        D        E       F      G
               +--------+--------+--------+--------+--------+-----+--------+
         Total |   1466 |   1411 |     55 |    177 |    507 |   2 |  733.0 |
       Dungeon |   1466 |   1411 |     55 |    177 |    507 |   2 |  733.0 |
               +--------+--------+--------+--------+--------+-----+--------+

Top non-repeatable levels by time:
     D:1: 795 daAuts
     D:2: 670 daAuts
